 Dungeon Sprint DCSS version 0.19.1 (webtiles) character file.

8841 Groucho the Unseen (level 11, -3/97 HPs)
             Began as a Deep Dwarf Assassin on Dec 7, 2016.
             Was the Champion of Cheibriados.
             Slain by a ghost moth (5 damage)
             ... in the Dungeon (Sprint IV: "Fedhas' Mad Dash").
             The game lasted 00:11:35 (3023 turns).

Groucho the Unseen (Deep Dwarf Assassin)            Turns: 3023, Time: 00:11:36

Health: -3/97      AC:  6    Str: 30      XL:     11   Next: 15%
Magic:  0/19       EV: 23    Int: 27      God:    Cheibriados [******]
Gold:   209        SH:  0    Dex: 31 (32) Spells: 3 memorised, 3 levels left

rFire  . . .     SeeInvis .     a - +2 dagger
rCold  . . .     Gourm    .     n - +2 robe {rN+}
rNeg   + . .     Faith    .     (no shield)
rPois  .         Spirit   .     (no helmet)
rElec  .         Reflect  .     d - +0 cloak
rCorr  .         Harm     .     (no gloves)
MR     +....     NoTele   +     (no boots)
Stlth  ++++++++..               o - amulet of invisibility {+Inv}
                                (no ring)
                                (no ring)

@: lethally poisoned (-3 -> -20), non-regenerating, very slow
A: damage resistance, recharge devices, sense surroundings 2, slow regeneration
3
a: Device Recharging, Bend Time, Temporal Distortion, Slouch, Step From Time,
Renounce Religion, Evoke Invisibility


You were in the Dungeon.
You worshipped Cheibriados.
Cheibriados was exalted by your worship.
You were not hungry.

You visited 1 branch You collected 209 gold pieces.

Inventory:

Hand Weapons
 a - a +2 dagger (weapon)
 b - a +0 blowgun
 i - a +2 long sword of protection
 u - the +8 storm bow {elec}
   (You took it off a spriggan in the Dungeon)

   It charges the ammunition it shoots with electricity; occasionally upon a
   hit, such missiles may discharge and cause terrible harm.
Missiles
 e - 7 poisoned needles
 f - 2 curare-tipped needles
 v - 12 arrows
Armour
 c - the +3 scale mail "Xobresch" {rPois MR+++ Str-5 Stlth+}
   (You found it in the Dungeon)

   It affects your strength (-5).
   It protects you from poison.
   It affects your resistance to hostile enchantments.
   It makes you more stealthy.
 d - a +0 cloak (worn)
 n - a +2 robe of positive energy (worn)
 p - a +0 buckler
Jewellery
 j - an uncursed ring of flight
 o - the amulet of invisibility (around neck) {+Inv}
   (You found it in the Dungeon)

   [amulet of nothing]

   It lets you turn invisible.
 s - an uncursed ring of magical power {unknown}
Wands
 g - a wand of heal wounds (5/9)
Scrolls
 r - a scroll of remove curse {unknown}
Potions
 k - a potion of haste
 l - a potion of magic
 m - a potion of berserk rage
 t - a potion of invisibility {unknown}
Books
 q - a book of Minor Magic

   Spells                             Type                      Level
   a - Magic Dart                     Conjuration                  1
   b - Blink                          Translocation                2
   c - Call Imp                       Summoning                    2
   d - Repel Missiles                 Charms/Air                   2
   e - Slow                           Hexes                        2
   f - Conjure Flame                  Conjuration/Fire             3
   g - Mephitic Cloud                 Conjuration/Poison/Air       3
Comestibles
 h - a royal jelly


   Skills:
 + Level 5.7 Fighting
 * Level 8.0 Short Blades
 - Level 1.7 Throwing
 * Level 9.3 Armour
 * Level 9.4 Dodging
 * Level 19.1 Stealth
 + Level 6.4 Shields
 - Level 13.1 Invocations
 - Level 14.4 Evocations


You had 3 spell levels left.
You knew the following spells:

 Your Spells              Type           Power        Failure   Level  Hunger
a - Blink                 Tloc           N/A          17%         2    ###....
b - Repel Missiles        Chrm/Air       #.....       17%         2    ###....
c - Mephitic Cloud        Conj/Pois/Air  #.......     34%         3    ####...


Dungeon Overview and Level Annotations

Branches:
Dungeon (1/1)

Altars:
Cheibriados
Dithmenos
Elyvilon
Gozag
Hepliaklqana
Kikubaaqudgha
Makhleb
Nemelex Xobeh
Okawaru
Qazlal
Ru
Sif Muna
Trog
Uskayaw
Vehumet
Xom
Yredelemnul
Zin
The Shining One
Beogh
Jiyva
Lugonu

Shops:
D [*[[


Innate Abilities, Weirdness & Mutations

You are resistant to damage.
You can recharge devices by infusing magical energy.
You passively map the area around you.
You do not regenerate.


Message History

Things that are here:
a rapier; a robe Unknown command.
You hit something but do no damage.
* * * LOW HITPOINT WARNING * * *
You feel sick.
You feel you are being watched by something.
Something hits you but does no damage. Something hits you!
* * * LOW HITPOINT WARNING * * *
Something closely misses you.
Evoke which item? (* to show all) (? for menu, Esc to quit)
Zapping:
g - a wand of heal wounds (6/9)
Press: ? - help, Shift-Dir - straight line, f - you You feel much better.
This wand has 5 charges left.
You feel sick. Something hits you!
* * * LOW HITPOINT WARNING * * *
Something hits you!
* * * LOW HITPOINT WARNING * * *
Something stings you.
You die...

#......♣.....#...#############
#.†...♣..♣..######♣♣♣♣♣..♣(###
##'####'######.['......♣..♣##.
#).#....'.......#♣..♣♣♣.♣).###
#..#..###.......#.♣♣.(♣...♣'..
##############################
*,,, ..................# ### ∩
, (...............P.#####..
..(.(...@......†P.....(.. *∩
,......†.........P...##### **
######+############## * *
,,,,, ,* * , , , , * , , * ,,,
* * * ** * * * *, ,


There were no monsters in sight!

Vanquished Creatures
  Agnes (D)
  A spriggan defender (D)
  A spriggan berserker (D)
  A spriggan druid (D)
  6 oklob plants (D)
  2 demonic crawlers (D)
  2 burning bushes (D)
  3 wandering mushrooms (D)
  A queen bee (D)
  2 hornets (D)
  5 oklob saplings (D)
  2 scorpions (D)
  4 killer bees (D)
  A worker ant (D)
  4 spriggans (D)
  A river rat (D)
  A rat (D)
  A ballistomycete (D)
  2 ballistomycete spores (D)
41 creatures vanquished.

Notes
Turn   | Place    | Note
-------+----------+-------------------------------------------
     0 | D        | Groucho the Deep Dwarf Assassin began the quest for the Orb.
     0 | D        | Reached XP level 1. HP: 19/19 MP: 1/1
    16 | D        | Reached skill level 6 in Stealth
    16 | D        | Reached XP level 2. HP: 17/26 MP: 1/4
   553 | D        | Noticed an oklob sapling
   557 | D        | Reached skill level 7 in Stealth
   557 | D        | Reached skill level 5 in Evocations
   557 | D        | Reached XP level 3. HP: 20/32 MP: 5/7
   779 | D        | Found an opulent altar of Gozag.
   779 | D        | Found a hazy altar of Hepliaklqana.
   779 | D        | Found a roughly hewn altar of Beogh.
   779 | D        | Found a snail-covered altar of Cheibriados.
   780 | D        | Found a viscous altar of Jiyva.
   780 | D        | Found a burning altar of Makhleb.
   780 | D        | Found a sparkling altar of Nemelex Xobeh.
   780 | D        | Found a sacrificial altar of Ru.
   780 | D        | Found a deep blue altar of Sif Muna.
   780 | D        | Found a bloodstained altar of Trog.
   780 | D        | Found a shimmering altar of Xom.
   780 | D        | Found a basalt altar of Yredelemnul.
   780 | D        | Noticed an oklob sapling priest
   781 | D        | Found an iron altar of Okawaru.
   781 | D        | Found a shadowy altar of Dithmenos.
   781 | D        | Found a glowing silver altar of Zin.
   782 | D        | Found an ancient bone altar of Kikubaaqudgha.
   782 | D        | Found a hide-covered altar of Uskayaw.
   783 | D        | Found a stormy altar of Qazlal.
   783 | D        | Found a white marble altar of Elyvilon.
   783 | D        | Found a glowing golden altar of the Shining One.
   784 | D        | Found a corrupted altar of Lugonu.
   784 | D        | Found a radiant altar of Vehumet.
   787 | D        | Became a worshipper of Cheibriados the Contemplative
   789 | D        | Killed an oklob sapling priest
   789 | D        | Reached skill level 9 in Stealth
   789 | D        | Reached XP level 4. HP: 25/39 MP: 6/9
  1056 | D        | Reached skill level 1 in Invocations
  1342 | D        | Reached * piety under Cheibriados
  1342 | D        | Reached skill level 10 in Stealth
  1342 | D        | Reached XP level 5. HP: 25/45 MP: 8/11
  1354 | D        | Noticed a queen bee
  1361 | D        | Killed a queen bee
  1361 | D        | Reached skill level 12 in Stealth
  1361 | D        | Reached skill level 5 in Invocations
  1361 | D        | Reached XP level 6. HP: 29/52 MP: 11/14
  1362 | D        | Reached ** piety under Cheibriados
  1431 | D        | Reached *** piety under Cheibriados
  1431 | D        | Reached skill level 13 in Stealth
  1449 | D        | Reached XP level 7. HP: 24/58 MP: 16/16
  1479 | D        | Noticed an oklob plant
  1481 | D        | Killed an oklob plant
  1481 | D        | Reached **** piety under Cheibriados
  1481 | D        | Reached skill level 14 in Stealth
  1495 | D        | Noticed a burning bush
  1498 | D        | Killed a burning bush
  1498 | D        | Reached skill level 15 in Stealth
  1498 | D        | Reached skill level 10 in Invocations
  1498 | D        | Reached XP level 8. HP: 60/66 MP: 16/18
  1737 | D        | Noticed a burning bush
  1737 | D        | Noticed an oklob plant
  1738 | D        | Noticed a wandering mushroom
  1739 | D        | Killed a burning bush
  1744 | D        | Killed an oklob plant
  1744 | D        | Reached skill level 16 in Stealth
  1746 | D        | Reached ***** piety under Cheibriados
  1748 | D        | Killed a wandering mushroom
  1800 | D        | Gained mutation: You passively map the area around you. [Deep Dwarf growth]
  1800 | D        | Reached XP level 9. HP: 66/73 MP: 17/19
  1834 | D        | Found Loramise's Assorted Antiques.
  1839 | D        | Found Zippab's Antique Armour Emporium.
  2095 | D        | Noticed a burning bush
  2095 | D        | Noticed a wandering mushroom
  2096 | D        | Noticed a wandering mushroom
  2098 | D        | Killed a wandering mushroom
  2098 | D        | Reached skill level 1 in Armour
  2098 | D        | Reached skill level 1 in Shields
  2100 | D        | Killed a wandering mushroom
  2100 | D        | Reached skill level 17 in Stealth
  2107 | D        | Reached ****** piety under Cheibriados
  2763 | D        | Noticed a spriggan druid
  2764 | D        | Killed a spriggan druid
  2777 | D        | Noticed an oklob plant conjurer
  2778 | D        | Killed an oklob plant conjurer
  2785 | D        | Learned a level 2 spell: Blink
  2788 | D        | Learned a level 2 spell: Repel Missiles
  2792 | D        | Learned a level 3 spell: Mephitic Cloud
  2823 | D        | Noticed an oklob plant
  2823 | D        | Noticed an oklob plant summoner
  2824 | D        | Noticed an oklob plant shifter
  2828 | D        | Killed an oklob plant
  2828 | D        | Reached skill level 5 in Armour
  2828 | D        | Reached skill level 5 in Dodging
  2830 | D        | Killed an oklob plant summoner
  2830 | D        | Reached skill level 5 in Short Blades
  2830 | D        | Reached XP level 10. HP: 62/85 MP: 19/19
  2833 | D        | Killed an oklob plant shifter
  2857 | D        | Noticed Agnes
  2865 | D        | Found Eroemeeq's Armour Emporium.
  2865 | D        | Noticed a spriggan berserker
  2867 | D        | Found Iffeax's Antique Armour Shoppe.
  2869 | D        | Killed Agnes
  2869 | D        | Reached skill level 18 in Stealth
  2869 | D        | Reached skill level 5 in Shields
  2871 | D        | Killed a spriggan berserker
  2871 | D        | Reached skill level 5 in Fighting
  2938 | D        | Noticed a spriggan defender
  2945 | D        | Killed a spriggan defender
  2948 | D        | Got a jewelled scale mail
  2959 | D        | Identified the +3 scale mail "Xobresch" {rPois MR+++ Str-5 Stlth+} (You found it in the Dungeon)
  2989 | D        | Noticed a spriggan rider
  2992 | D        | Killed a spriggan rider
  2992 | D        | Reached skill level 19 in Stealth
  2992 | D        | Reached XP level 11. HP: 96/96 MP: 13/19
  3022 | D        | HP: 1/97 [something (8)]
  3023 | D        | Slain by a ghost moth

Skill      XL: |  1  2  3  4  5  6  7  8  9 10 11 |
---------------+----------------------------------+-----
Stealth        | 6 7 9 10 12 13 15 16 17 19 | 19.1
Evocations     | 3 5 7 8 11 12 13 14 | 14.4
Invocations    | 2 5 6 10 13 | 13.1
Fighting       | 3 5 |  5.7
Short Blades   | 5 7 8 |  8.0
Armour         | 5 9 |  9.3
Dodging        | 5 9 |  9.4
Shields        | 3 6 |  6.4
Throwing       | |  1.7

Action                   |  1- 3 |  4- 6 |  7- 9 | 10-12 || total
-------------------------+-------+-------+-------+-------++-------
Melee: Dagger            |    13 |    21 |    32 |     5 ||    71
       Long sword        |       |       |    12 |       ||    12
 Fire: Blowgun           |       |     7 |       |       ||     7
       Longbow           |       |       |       |     6 ||     6
Invok: Slouch            |       |       |     2 |     5 ||     7
 Abil: Evoke Invisibilit |     1 |     2 |     5 |       ||     8
       Device Recharging |       |       |     1 |     1 ||     2
Evoke: Wand              |       |     1 |     6 |     4 ||    11
  Use: Potion            |       |     2 |       |     1 ||     3
       Scroll            |       |     1 |       |     1 ||     2
 Stab: Sleeping          |     2 |     5 |    14 |     4 ||    25
       Invisible         |       |       |     1 |       ||     1
  Eat: Bread ration      |       |     1 |       |       ||     1
       Royal jelly       |       |       |     1 |     1 ||     2
       Chunk             |       |       |     1 |       ||     1
Armor: Robe              |     4 |     4 |     1 |     2 ||    11
Dodge: Dodged            |     5 |    27 |     2 |    21 ||    55
